 Dungeon Crawl Stone Soup version 0.19.0 (webtiles) character file.

49 CanadianGator the Ducker (level 3, -1/26 HPs)
             Began as an Octopode Fighter on Nov 23, 2016.
             Slain by a worm (14 damage)
             ... on level 2 of the Dungeon.
             The game lasted 00:03:59 (1175 turns).

CanadianGator the Ducker (Octopode Fighter)         Turns: 1175, Time: 00:03:59

Health: -1/26      AC:  1    Str: 15    XL:     3   Next: 75%
Magic:  3/3        EV: 12    Int: 10    God:
Gold:   77         SH:  8    Dex: 12    Spells: 0 memorised, 2 levels left

rFire  . . .     SeeInvis .       - Unarmed
rCold  . . .     Gourm    .     a - +0 shield
rNeg   . . .     Faith    .     (helmet restricted)
rPois  .         Spirit   .     (no amulet)
rElec  .         Reflect  .     (no ring)
rCorr  .         Harm     .     (no ring)
MR     .....                    (no ring)
Stlth  +++.......               (no ring)
                                (no ring)
                                (no ring)
                                (no ring)
                                (no ring)

@: no status effects
A: almost no armour, stealthy swim, amphibious, 8 rings, constrict 8, camouflage
1, gelatinous body 1
a: no special abilities


You were on level 2 of the Dungeon.
You were hungry.

You visited 1 branch of the dungeon, and saw 2 of its levels.

You collected 77 gold pieces.

Inventory:

Armour
 a - a +0 shield (worn)
Scrolls
 d - 2 scrolls of enchant weapon {unknown}
 e - a scroll of magic mapping {unknown}
 f - a scroll of remove curse {unknown}
 h - 2 scrolls of fear {unknown}
 j - a scroll of teleportation {unknown}
Potions
 b - 2 potions of might
 g - a potion of magic {unknown}
 i - a potion of brilliance {unknown}
 k - 2 potions of heal wounds {unknown}
Comestibles
 c - 2 bread rations


   Skills:
 + Level 3.2 Fighting
 * Level 3.4 Dodging
 * Level 1.7 Stealth
 * Level 3.3 Shields
 * Level 2.6 Unarmed Combat


You had 2 spell levels left.
You didn't know any spells.

Dungeon Overview and Level Annotations

Branches:
Dungeon (2/15)

Altars:
Trog


Innate Abilities, Weirdness & Mutations

You cannot wear most types of armour.
You are very stealthy in the water. (Stealth+)
You are amphibious.
You can wear up to eight rings at the same time.
You can use your tentacles to constrict eight enemies at once.
Your skin changes colour to match your surroundings (Stealth+).
Your rubbery body absorbs attacks. (AC +1, EV +1)


Message History

You tentacle-slap the worm. You grab the worm.
The worm is moderately wounded.
You constrict the worm. The worm bites you.
You completely miss the worm.
The worm is moderately wounded.
You constrict the worm. You tentacle-slap the worm.
The worm is heavily wounded.
You constrict the worm. The worm bites you! The worm bites you.
The moth of wrath goads the worm on!
The worm goes berserk!
You tentacle-slap the worm. You grab the worm.
The worm is moderately wounded.
You constrict the worm. x2; The moth of wrath goads the worm on!
The worm goes berserk!
You tentacle-slap the worm.
The worm is heavily wounded.
You constrict the worm. x2; The worm barely misses you.
The moth of wrath goads the worm on!
The worm goes berserk!
The worm bites you!
Ouch! That really hurt!
You die...

...#.....# ###....## #.....#
...####..####.......## #.....#
...#####..##)........# #.....#
.....###..##....#....# #.....#
##.#..###.#)...###...###.....#
#.##.....#.r_.#y#.....(.....#
#..รท.....#.)..###...##......#
##.##.[#####..ww#....##......####
.#.##..#####...w@....###.#....)..
...........##)......##.#.#.......
##.#..#####.###....###...........
##.#.......######### ###.........
##...#####.......## ###.......
##..## #........### #.......
##..# #####.#.......######.......
##.####.....#........#...#.<.....
...###..####.............#.......


You could see a moth of wrath, 3 worms and a rat (sleeping).

Vanquished Creatures
  An adder (D:2)
  2 dart slugs
  A leopard gecko (D:1)
  8 bats
  2 giant cockroaches (D:2)
  5 goblins
  A hobgoblin (D:1)
  8 frilled lizards
  5 kobolds
  6 rats
39 creatures vanquished.

Notes
Turn   | Place    | Note
-------+----------+-------------------------------------------
     0 | D:1      | CanadianGator the Octopode Fighter began the quest for the Orb.
     0 | D:1      | Reached XP level 1. HP: 16/16 MP: 1/1
    65 | D:1      | Reached XP level 2. HP: 20/21 MP: 2/2
   168 | D:1      | Reached skill level 1 in Stealth
   749 | D:2      | Reached XP level 3. HP: 24/26 MP: 3/3
  1162 | D:2      | Noticed a moth of wrath
  1165 | D:2      | Found a bloodstained altar of Trog.
  1175 | D:2      | Slain by a worm

Skill      XL: |  1  2 |
---------------+-------+-----
Stealth        | 1 |  1.7
Fighting       | |  3.2
Dodging        | |  3.4
Shields        | |  3.3
Unarmed Combat | |  2.6

Action                   || total
-------------------------++-------
Melee: Unarmed           ||    87
       Constrict         ||    25
       Tentacles         ||    12
       Punch             ||     1
 Stab: Sleeping          ||     5
Armor: Skin              ||     8
Dodge: Dodged            ||    32
Block: Shield            ||    35
